 Dungeon Crawl Stone Soup version 0.18.1-48-g4cf74bf (webtiles) character file.

1668 Heedrag the Destroyer (level 8, -5/41 HPs)
             Began as a Deep Elf Conjurer on Aug 14, 2016.
             Was a Believer of Vehumet.
             Slain by a killer bee (7 damage)
             ... on level 7 of the Dungeon.
             The game lasted 00:17:24 (7022 turns).

Heedrag the Destroyer (Deep Elf Conjurer)           Turns: 7022, Time: 00:17:25

Health: -5/41      AC:  3    Str:  7    XL:     8   Next: 69%
Magic:  6/22       EV: 13    Int: 21    God:    Vehumet [**....]
Gold:   237        SH:  0    Dex: 15    Spells: 3 memorised, 14 levels left

rFire  + . .     SeeInvis .     M - staff of wizardry
rCold  . . .     Gourm    +     a - +0 robe
rNeg   . . .     Faith    .     (no shield)
rPois  .         Spirit   .     h - +0 hat
rElec  .         Dismiss  .     p - +0 cloak
rCorr  .         Reflect  .     (no gloves)
SustAt .         Harm     .     (no boots)
MR     .....                    B - amulet of the gourmand
Stlth  ++........               (no ring)
                                r - ring of protection from fire

@: lethally poisoned (-5 -> -13), not resistant to hostile enchantments,
unstealthy
A: no striking features
a: Renounce Religion


You were on level 7 of the Dungeon.
You worshipped Vehumet.
Vehumet was pleased with you.
You were very full.

You visited 1 branch of the dungeon, and saw 7 of its levels.

You collected 237 gold pieces.

Inventory:

Hand Weapons
 x - a +2 dagger of freezing
 Q - a +2 dagger of venom
Armour
 a - a +0 robe (worn)
 h - a +0 hat (worn)
 p - a +0 cloak (worn)
 s - a +2 buckler
Magical Staves
 M - an uncursed staff of wizardry (weapon)
Jewellery
 d - an uncursed amulet of dismissal
 r - a ring of protection from fire (left hand)
 y - an uncursed amulet of guardian spirit
 B - an amulet of the gourmand (around neck)
 C - an uncursed ring of resist corrosion
 K - an uncursed ring of ice
 N - a cursed amulet of inaccuracy
Wands
 L - a wand of polymorph (9/24)
Scrolls
 f - 16 scrolls of identify
 i - a scroll of noise {unknown}
 l - 2 scrolls of enchant weapon {unknown}
 m - 12 scrolls of teleportation
 n - 3 scrolls of remove curse {unknown}
 t - 2 scrolls of fog {unknown}
 v - 2 scrolls of fear {unknown}
 A - a scroll of random uselessness {unknown}
 E - a scroll of magic mapping {unknown}
 G - a scroll of amnesia {unknown}
 H - a scroll of recharging {unknown}
Potions
 e - 2 potions of agility
 g - a potion of magic {unknown}
 k - a potion of brilliance
 o - 2 potions of might {unknown}
 q - 2 potions of lignification
 z - a potion of degeneration {unknown}
 D - a potion of mutation {unknown}
 F - a potion of curing {unknown}
 J - a potion of heal wounds {unknown}
 P - a potion of cancellation {unknown}
Books
 b - a book of Conjurations

   Spells                             Type                      Level
   a - Magic Dart                     Conjuration                  1
   b - Searing Ray                    Conjuration                  2
   c - Dazzling Spray                 Conjuration/Hexes            3
   d - Fulminant Prism                Conjuration/Hexes            4
   e - Iskenderun's Mystic Blast      Conjuration                  4
   f - Iskenderun's Battlesphere      Conjuration/Charms           5
Comestibles
 c - 3 bread rations
 j - 2 royal jellies
 u - 2 meat rations
 w - 6 fruits
 I - 2 beef jerkies


   Skills:
 - Level 2.4 Dodging
 - Level 2.4 Stealth
 + Level 8.5 Spellcasting
 * Level 10.2 Conjurations
 + Level 5.1 Charms


You had 14 spell levels left.
You knew the following spells:

 Your Spells              Type           Power        Failure   Level  Hunger
a - Magic Dart            Conj           ####         1%          1    None
b - Iskenderun's Mystic   Conj           ######..     1%          4    ###....
c - Iskenderun's Battles  Conj/Chrm      #####...     4%          5    #####..


Dungeon Overview and Level Annotations

Branches:
Dungeon (7/15)             Temple (0/1) D:6

Altars:
Fedhas
Kikubaaqudgha
Pakellas
Ru
Vehumet
Xom
Zin


Message History

* * * LOW HITPOINT WARNIN'
* * * Tha killer bee stin's ye but does nay damage.
Tha adder closely misses ye.
Castin': Magic Dart Confirm wit' . or Enter, or press ? or * ta list all spells.
Aimin': Magic Dart
Press: ? - help, Shift-Dir - straight line, f/p - killer bee
Aim: a killer bee (severely wounded) Tha magic dart hits tha killer bee.
Tha killer bee be almost dead.
* * * LOW HITPOINT WARNIN'
* * * Ye feel sick.
Tha killer bee stin's ye.
* * * LOW HITPOINT WARNIN'
* * * Tha adder bites ye.
* * * LOW HITPOINT WARNIN'
* * * Tha killer bee stin's ye.
* * * LOW HITPOINT WARNIN' * * *
* * * LOW HITPOINT WARNIN'
* * * Ye feel sick.
Tha killer bee stin's ye!
Ye die...

...... ... ...# ###.# #
###.######.#.. .
#..........#.# #
#.#.######.#.# # #.#.#
#.#.# # #.#.# #.#.#####
#.######.#.######.....[##
........@................
#.######y#.####.....##.##
.......S..# #.######.##
#.#####.### #. #.## #'#
#. #.## ... . .... ...
#... ... #### .....


You could see a killer bee and an adder.

Vanquished Creatures
  Sigmund (D:2)
  Menkaure (D:4)
  Duvessa (D:7)
  An ogre (D:5)
  A phantom (D:6)
  A centaur (D:5)
  Dowan (D:7)
  4 killer bees (D:7)
  6 wights (D:7)
  A jelly (D:6)
  A hound (D:4)
  2 orc priests (D:7)
  A centaur skeleton (D:7)
  3 iguanas
  4 orc wizards
  2 worker ants
  A hound skeleton (D:5)
  A howler monkey zombie (D:7)
  5 adders
  A shadow imp (D:7)
  2 oozes
  3 worms
  3 giant geckos
  28 orcs
  3 bats
  5 giant cockroaches
  6 goblins
  3 hobgoblins
  7 jackals
  4 quokkas
  3 giant newts
  6 kobolds
  6 rats
118 creatures vanquished.

Vanquished Creatures (others)
  A sphinx (D:5)
1 creature vanquished.

Grand Total: 119 creatures vanquished

Notes
Turn   | Place    | Note
--------------------------------------------------------------
     0 | D:1      | Heedrag the Deep Elf Conjurer began the quest for the Orb.
     0 | D:1      | Reached XP level 1. HP: 10/10 MP: 6/6
   238 | D:1      | Reached XP level 2. HP: 15/15 MP: 6/8
   714 | D:2      | Found a sacrificial altar of Ru.
   838 | D:2      | Reached skill level 5 in Conjurations
   838 | D:2      | Reached XP level 3. HP: 19/19 MP: 2/10
  1019 | D:2      | Noticed Sigmund
  1743 | D:3      | Reached XP level 4. HP: 24/24 MP: 5/12
  2168 | D:3      | Found a radiant altar of Vehumet.
  2194 | D:3      | Became a worshipper of Vehumet
  2251 | D:3      | Reached skill level 5 in Spellcasting
  2412 | D:3      | Learned a level 4 spell: Iskenderun's Mystic Blast
  2563 | D:3      | Reached skill level 6 in Conjurations
  2563 | D:3      | Reached XP level 5. HP: 28/28 MP: 9/14
  2576 | D:3      | Learned a level 5 spell: Iskenderun's Battlesphere
  3194 | D:4      | Noticed Menkaure
  3201 | D:4      | Killed Menkaure
  3201 | D:4      | Reached skill level 7 in Conjurations
  3201 | D:4      | Reached XP level 6. HP: 29/32 MP: 9/17
  3541 | D:4      | Reached * piety under Vehumet
  3541 | D:4      | Offered knowledge of Shock by Vehumet.
  3923 | D:5      | Entered Level 5 of the Dungeon
  4022 | D:5      | Found an ancient bone altar of Kikubaaqudgha.
  4022 | D:5      | Found a blossoming altar of Fedhas.
  4172 | D:5      | Reached XP level 7. HP: 17/36 MP: 9/18
  4406 | D:5      | Reached skill level 8 in Conjurations
  4631 | D:5      | Found a shimmering altar of Xom.
  5144 | D:5      | Found an oddly glowing altar of Pakellas.
  5145 | D:5      | Noticed a sphinx
  5159 | D:5      | Killed a sphinx
  5191 | D:5      | Found a glowing silver altar of Zin.
  5547 | D:2      | Killed Sigmund
  5782 | D:6      | Found a staircase to the Ecumenical Temple.
  5808 | D:6      | Reached skill level 9 in Conjurations
  6233 | D:7      | Reached XP level 8. HP: 41/41 MP: 11/21
  6503 | D:7      | Offered knowledge of Sandblast by Vehumet.
  6674 | D:7      | Reached ** piety under Vehumet
  6688 | D:7      | Noticed Dowan
  6688 | D:7      | Killed Dowan
  6692 | D:7      | Noticed Duvessa
  6697 | D:7      | Killed Duvessa
  7007 | D:7      | Reached skill level 10 in Conjurations
  7012 | D:7      | Reached skill level 5 in Charms
  7022 | D:7      | HP: 2/41 [poisoned by a killer bee]
  7022 | D:7      | Slain by a killer bee

Skill      XL: |  1  2  3  4  5  6  7  8 |
---------------+-------------------------+-----
Spellcasting   | 4 5 6 7 8 |  8.5
Conjurations   | 5 6 7 9 10 | 10.2
Charms         | 3 5 |  5.1
Dodging        | |  2.4
Stealth        | |  2.4

Action                   |  1- 3 |  4- 6 |  7- 9 || total
-------------------------+-------+-------+-------++-------
Melee: Dagger            |       |     4 |     1 ||     5
 Cast: Magic Dart        |    54 |   138 |   136 ||   328
       Iskenderun's Batt |       |     1 |     9 ||    10
       Iskenderun's Myst |       |       |     3 ||     3
  Use: Potion            |       |     3 |       ||     3
       Scroll            |       |       |     2 ||     2
  Eat: Chunk             |     2 |    18 |    17 ||    37
Armor: Robe              |       |     4 |    10 ||    14
Dodge: Dodged            |     3 |    14 |    40 ||    57
